General information
- name: BNet
- type: Ladder team game (AT/RT)
- host: Battle.net
- saver: DivideEtImpera
map: Mur'gulOasis
- players: 8
- length: 44:17
- speed: Fast
- version: 1.26 W3XP
- replay type: Public
» download(256 KB)
Players
team 1 (winner)
axeman227 (
teal | 36 APM | 984 actions | 27:39)
7 Mountain King
3 Storm Bolt
1 Bash
2 Thunder Clap
1 Avatar
» actions
| Basic commands | 52 | |
| Build / train | 86 | |
| Enter build submenu | 35 | |
| Enter hero's abilities submenu | 7 | |
| Give item / drop item | 2 | |
| Remove unit from queue | 1 | |
| Right click | 310 | |
| Select / deselect | 413 | |
| Use ability | 78 | |
984 total
» units
| Peasant | 19 | |
| Rifleman | 8 | |
| Flying Machine | 17 | |
| Sorceress | 3 | |
| Mortar Team | 3 | |
50 total
» upgrades
| Gunpowder | 2 | |
| Armor | 1 | |
| Masonry | 2 | |
| Lumber Harvesting | 1 | |
| Magic Sentry | 1 | |
| Long Rifles | 1 | |
8 total
» buildings
| Farm | 14 | |
| Altar of Kings | 1 | |
| Blacksmith | 1 | |
| Barracks | 1 | |
| Scout Tower | 8 | |
| Arcane Tower | 5 | |
| Arcane Vault | 1 | |
| Keep | 1 | |
| Lumber Mill | 1 | |
| Guard Tower | 4 | |
| Arcane Sanctum | 1 | |
| Workshop | 2 | |
| Castle | 1 | |
| Town Hall | 1 | |
42 total
» build order
00:13 Farm
00:22 Altar of Kings
00:53 Farm
01:23 Blacksmith
01:39 Barracks
01:53 Farm
02:09 Scout Tower
02:30 Farm
02:44 Arcane Tower
03:12 Farm
03:57 Arcane Vault
04:50 Keep
05:05 Lumber Mill
06:19 Farm
06:29 Scout Tower
06:57 Farm
06:59 Guard Tower
07:01 Scout Tower
07:35 Guard Tower
07:47 Scout Tower
08:07 Arcane Tower
08:14 Guard Tower
08:20 Guard Tower
08:31 Arcane Sanctum
09:22 Workshop
10:20 Scout Tower
10:39 Scout Tower
11:02 Arcane Tower
11:33 Arcane Tower
12:52 Farm
13:05 Farm
13:19 Scout Tower
14:02 Arcane Tower
14:07 Scout Tower
15:28 Castle
16:12 Workshop
16:17 Farm
16:20 Farm
21:26 Town Hall
21:32 Farm
21:34 Farm
22:18 Farm
» items
| Lesser Clarity Potion | 3 | |
| Scroll of Regeneration | 2 | |
| Ivory Tower | 2 | |
| Scroll of Town Portal | 1 | |
8 total

»
kjhge5 (
yellow | 59 APM | 1997 actions | 33:38)
6 Mountain King
3 Storm Bolt
2 Bash
1 Avatar
5 Paladin
3 Holy Light
2 Devotion Aura
» actions
| Assign group hotkey | 67 | |
| Basic commands | 162 | |
| Build / train | 97 | |
| Enter build submenu | 14 | |
| Enter hero's abilities submenu | 12 | |
| Give item / drop item | 5 | |
| Right click | 702 | |
| Select / deselect | 278 | |
| Select group hotkey | 515 | |
| Use ability | 145 | |
1997 total
» units
| Peasant | 14 | |
| Rifleman | 20 | |
| Footman | 3 | |
37 total
» upgrades
| Armor | 2 | |
| Gunpowder | 2 | |
| Long Rifles | 1 | |
| Lumber Harvesting | 1 | |
6 total
» buildings
| Farm | 7 | |
| Altar of Kings | 1 | |
| Lumber Mill | 1 | |
| Blacksmith | 1 | |
| Barracks | 1 | |
| Arcane Vault | 1 | |
| Scout Tower | 2 | |
| Arcane Tower | 1 | |
| Keep | 1 | |
| Guard Tower | 1 | |
17 total
» build order
00:21 Farm
00:25 Altar of Kings
00:38 Lumber Mill
00:52 Farm
01:28 Blacksmith
01:45 Barracks
02:04 Arcane Vault
02:10 Scout Tower
02:20 Farm
02:40 Arcane Tower
03:58 Keep
04:30 Farm
05:46 Farm
07:15 Scout Tower
07:34 Farm
07:34 Farm
08:12 Guard Tower
» items
| Lesser Clarity Potion | 8 | |
| Scroll of Regeneration | 6 | |
| Scroll of Healing | 2 | |
| Scroll of Protection | 2 | |
| Potion of Lesser Invulnerability | 2 | |
| Potion of Healing | 1 | |
| Scroll of Town Portal | 5 | |
| Dust of Appearance | 1 | |
27 total
DivideEtImpera (
purple | 92 APM | 4058 actions | 44:17)
7 Archmage
3 Summon Water Elemental
3 Brilliance Aura
1 Mass Teleport
6 Mountain King
3 Storm Bolt
2 Bash
1 Avatar
» actions
| Assign group hotkey | 88 | |
| Basic commands | 135 | |
| Build / train | 167 | |
| ESC pressed | 3 | |
| Enter build submenu | 71 | |
| Enter hero's abilities submenu | 13 | |
| Give item / drop item | 9 | |
| Right click | 1622 | |
| Select / deselect | 793 | |
| Select group hotkey | 874 | |
| Use ability | 283 | |
4058 total
» units
| Peasant | 16 | |
| Footman | 29 | |
| Dragonhawk Rider | 8 | |
| Siege Engine | 4 | |
| Gryphon Rider | 3 | |
60 total
» upgrades
| Swords | 3 | |
| Defend | 1 | |
| Armor | 3 | |
| Masonry | 4 | |
| Animal War Training | 1 | |
| Lumber Harvesting | 2 | |
| Plating | 3 | |
| Cloud | 1 | |
| Barrage | 1 | |
| Storm Hammers | 1 | |
| Gunpowder | 3 | |
| Flak Cannons | 1 | |
| Flying Machine Bombs | 1 | |
| Fragmentation Shards | 1 | |
| Backpack | 1 | |
| Flare | 1 | |
| Long Rifles | 1 | |
| Sorceress Training | 2 | |
| Priest Training | 2 | |
| Magic Sentry | 1 | |
| Control Magic | 1 | |
35 total
» buildings
| Altar of Kings | 1 | |
| Barracks | 1 | |
| Farm | 8 | |
| Arcane Vault | 1 | |
| Scout Tower | 34 | |
| Arcane Tower | 2 | |
| Blacksmith | 1 | |
| Keep | 3 | |
| Lumber Mill | 2 | |
| Guard Tower | 24 | |
| Town Hall | 2 | |
| Gryphon Aviary | 6 | |
| Castle | 2 | |
| Workshop | 3 | |
| Arcane Sanctum | 2 | |
92 total
» build order
00:16 Altar of Kings
00:18 Barracks
00:21 Farm
01:00 Farm
01:34 Farm
02:47 Arcane Vault
02:55 Scout Tower
03:49 Arcane Tower
03:49 Arcane Tower
04:59 Farm
05:19 Blacksmith
05:37 Farm
06:40 Keep
06:40 Keep
06:40 Keep
07:13 Farm
07:45 Lumber Mill
07:47 Lumber Mill
09:43 Guard Tower
11:26 Town Hall
11:28 Gryphon Aviary
11:31 Scout Tower
11:31 Scout Tower
11:32 Scout Tower
11:32 Scout Tower
11:33 Scout Tower
11:43 Scout Tower
11:45 Scout Tower
11:46 Scout Tower
11:48 Scout Tower
11:50 Scout Tower
12:05 Guard Tower
12:05 Guard Tower
12:34 Guard Tower
12:34 Guard Tower
12:37 Guard Tower
12:37 Guard Tower
12:38 Guard Tower
13:19 Gryphon Aviary
13:26 Gryphon Aviary
13:28 Gryphon Aviary
13:59 Scout Tower
14:00 Scout Tower
14:01 Scout Tower
14:02 Scout Tower
14:04 Scout Tower
14:05 Scout Tower
14:09 Castle
14:36 Guard Tower
15:29 Guard Tower
15:58 Scout Tower
16:35 Guard Tower
17:44 Workshop
17:47 Workshop
22:04 Scout Tower
22:05 Scout Tower
22:05 Scout Tower
22:06 Scout Tower
22:07 Scout Tower
22:08 Scout Tower
22:08 Scout Tower
22:09 Scout Tower
22:48 Guard Tower
22:49 Guard Tower
22:49 Guard Tower
23:04 Guard Tower
23:06 Guard Tower
23:22 Guard Tower
24:21 Guard Tower
24:41 Town Hall
24:44 Scout Tower
24:45 Scout Tower
24:46 Scout Tower
24:47 Scout Tower
24:48 Scout Tower
24:50 Scout Tower
24:53 Scout Tower
24:56 Scout Tower
25:18 Guard Tower
26:24 Guard Tower
27:36 Gryphon Aviary
27:37 Gryphon Aviary
27:45 Workshop
33:11 Arcane Sanctum
33:15 Arcane Sanctum
35:26 Farm
35:35 Farm
» items
| Scroll of Regeneration | 6 | |
| Scroll of Town Portal | 2 | |
| Ivory Tower | 4 | |
| Boots of Speed | 1 | |
| Staff of Teleportation | 1 | |
| Potion of Lesser Invulnerability | 3 | |
| Potion of Healing | 1 | |
| Orb of Fire | 1 | |
| Mechanical Critter | 2 | |
21 total

»
codylamers (
pink | 21 APM | 354 actions | 16:33)
3 Crypt Lord
2 Impale
1 Spiked Carapace
» actions
| Basic commands | 12 | |
| Build / train | 39 | |
| Enter build submenu | 20 | |
| Enter hero's abilities submenu | 3 | |
| Remove unit from queue | 1 | |
| Right click | 87 | |
| Select / deselect | 165 | |
| Use ability | 27 | |
354 total
» units
| Acolyte | 11 | |
| Crypt Fiend | 5 | |
| Ghoul | 3 | |
| Meatwagon | 2 | |
| Obsidian Statue | 2 | |
23 total
» upgrades
| Creature Attack | 2 | |
| Creature Carapace | 1 | |
| Web | 1 | |
4 total
» buildings
| Graveyard | 1 | |
| Altar of Darkness | 1 | |
| Ziggurat | 6 | |
| Crypt | 2 | |
| Nerubian Tower | 1 | |
| Halls of the Dead | 1 | |
| Black Citadel | 1 | |
| Slaughterhouse | 2 | |
| Tomb of Relics | 3 | |
| Sacrificial Pit | 1 | |
| Spirit Tower | 1 | |
20 total
» build order
00:14 Graveyard
00:17 Altar of Darkness
00:46 Ziggurat
01:02 Crypt
01:43 Nerubian Tower
01:56 Ziggurat
03:06 Crypt
05:06 Halls of the Dead
05:19 Ziggurat
05:26 Ziggurat
06:20 Ziggurat
06:51 Ziggurat
07:29 Black Citadel
07:48 Slaughterhouse
08:53 Slaughterhouse
10:06 Tomb of Relics
10:11 Tomb of Relics
10:15 Tomb of Relics
13:15 Sacrificial Pit
14:21 Spirit Tower
» items
| Orb of Corruption | 1 | |
| Rod of Necromancy | 1 | |
2 total
team 2 (loser)

»
N0S0UPF0RY0U (
orange | 50 APM | 2163 actions | 43:16)
7 Death Knight
3 Death Coil
3 Unholy Aura
1 Animate Dead
» actions
| Build / train | 47 | |
| Enter build submenu | 16 | |
| Enter hero's abilities submenu | 7 | |
| Give item / drop item | 1 | |
| Right click | 1564 | |
| Select / deselect | 459 | |
| Use ability | 69 | |
2163 total
» units
| Acolyte | 2 | |
| Ghoul | 2 | |
| Crypt Fiend | 10 | |
| Frost Wyrm | 10 | |
24 total
» upgrades
| Creature Attack | 2 | |
| Freezing Breath | 1 | |
3 total
» buildings
| Altar of Darkness | 1 | |
| Ziggurat | 8 | |
| Graveyard | 2 | |
| Crypt | 1 | |
| Tomb of Relics | 1 | |
| Halls of the Dead | 1 | |
| Black Citadel | 1 | |
| Sacrificial Pit | 1 | |
| Boneyard | 2 | |
| Spirit Tower | 1 | |
19 total
» build order
00:06 Altar of Darkness
00:11 Ziggurat
00:36 Graveyard
00:39 Graveyard
01:00 Crypt
01:21 Tomb of Relics
01:33 Ziggurat
04:02 Halls of the Dead
04:17 Ziggurat
05:11 Ziggurat
06:34 Black Citadel
07:10 Sacrificial Pit
09:18 Boneyard
09:27 Ziggurat
09:29 Boneyard
12:15 Ziggurat
12:57 Ziggurat
22:54 Spirit Tower
30:06 Ziggurat
» items
| Healing Salve | 1 | |
| Boots of Speed | 1 | |
| Scroll of Town Portal | 2 | |
| Potion of Healing | 2 | |
| Scroll of Healing | 1 | |
| Potion of Mana | 1 | |
| Orb of Corruption | 1 | |
9 total

»
quazzy (
red | 15 APM | 680 actions | 44:16)
5 Death Knight
2 Death Coil
3 Unholy Aura
» actions
| Assign group hotkey | 2 | |
| Basic commands | 1 | |
| Build / train | 51 | |
| Enter build submenu | 15 | |
| Enter hero's abilities submenu | 5 | |
| Remove unit from queue | 1 | |
| Right click | 318 | |
| Select / deselect | 249 | |
| Use ability | 38 | |
680 total
» units
| Acolyte | 4 | |
| Ghoul | 10 | |
| Crypt Fiend | 9 | |
| Frost Wyrm | 5 | |
28 total
» upgrades
| Creature Attack | 3 | |
| Creature Carapace | 3 | |
| Web | 1 | |
| Unholy Strength | 1 | |
| Unholy Armor | 1 | |
9 total
» buildings
| Crypt | 1 | |
| Ziggurat | 7 | |
| Altar of Darkness | 1 | |
| Nerubian Tower | 2 | |
| Graveyard | 1 | |
| Halls of the Dead | 1 | |
| Spirit Tower | 2 | |
| Black Citadel | 1 | |
| Sacrificial Pit | 1 | |
| Boneyard | 2 | |
| Tomb of Relics | 1 | |
20 total
» build order
00:11 Crypt
00:13 Ziggurat
00:46 Altar of Darkness
01:07 Ziggurat
01:30 Nerubian Tower
02:11 Ziggurat
04:04 Graveyard
04:09 Nerubian Tower
05:31 Halls of the Dead
05:46 Ziggurat
06:38 Spirit Tower
07:55 Black Citadel
08:14 Sacrificial Pit
09:54 Ziggurat
10:21 Boneyard
10:31 Boneyard
10:57 Ziggurat
13:45 Tomb of Relics
15:39 Spirit Tower
18:21 Ziggurat
» items
ROD_ON_FERELAS (
green | 54 APM | 2373 actions | 44:16)
5 Blademaster
3 Wind Walk
2 Critical Strike
» actions
| Assign group hotkey | 156 | |
| Basic commands | 8 | |
| Build / train | 65 | |
| Enter build submenu | 21 | |
| Enter hero's abilities submenu | 5 | |
| Give item / drop item | 10 | |
| Remove unit from queue | 1 | |
| Right click | 842 | |
| Select / deselect | 274 | |
| Select group hotkey | 810 | |
| Use ability | 181 | |
2373 total
» units
| Peon | 10 | |
| Troll Batrider | 8 | |
| Troll Witch Doctor | 2 | |
| Raider | 2 | |
| Shaman | 2 | |
| Tauren | 1 | |
25 total
» upgrades
| Ranged Weapons | 2 | |
| Armor | 2 | |
| Reinforced Defenses | 1 | |
| Liquid Fire | 1 | |
| Witch Doctor Training | 2 | |
| Shaman Training | 2 | |
| War Drums Damage Increase | 1 | |
| Ensnare | 1 | |
| Melee Weapons | 2 | |
| Pulverize | 1 | |
15 total
» buildings
| Altar of Storms | 1 | |
| Orc Burrow | 7 | |
| War Mill | 1 | |
| Voodoo Lounge | 1 | |
| Watch Tower | 16 | |
| Stronghold | 2 | |
| Fortress | 2 | |
| Beastiary | 3 | |
| Spirit Lodge | 1 | |
| Tauren Totem | 2 | |
36 total
» build order
00:14 Altar of Storms
00:23 Orc Burrow
00:38 War Mill
01:25 Voodoo Lounge
01:52 Watch Tower
02:27 Watch Tower
03:10 Stronghold
03:10 Stronghold
03:14 Watch Tower
03:41 Watch Tower
03:45 Watch Tower
03:58 Watch Tower
04:23 Orc Burrow
05:13 Orc Burrow
05:15 Orc Burrow
05:57 Fortress
05:57 Fortress
06:33 Watch Tower
06:34 Watch Tower
06:35 Watch Tower
06:36 Watch Tower
06:36 Watch Tower
09:04 Beastiary
09:08 Beastiary
11:26 Spirit Lodge
14:13 Watch Tower
14:13 Watch Tower
14:14 Watch Tower
14:17 Watch Tower
21:24 Beastiary
22:40 Tauren Totem
22:43 Tauren Totem
23:33 Orc Burrow
23:35 Orc Burrow
» items
| Healing Salve | 3 | |
| Lesser Clarity Potion | 2 | |
| Potion of Mana | 1 | |
| Staff of Teleportation | 1 | |
| Potion of Healing | 1 | |
| Orb of Lightning | 1 | |
| Potion of Lesser Invulnerability | 1 | |
| Boots of Speed | 1 | |
11 total
Iscariot (
blue | 48 APM | 2128 actions | 44:16)
8 Blood Mage
3 Flame Strike
3 Siphon Mana
1 Summon Phoenix
1 Banish
» actions
| Assign group hotkey | 222 | |
| Basic commands | 162 | |
| Build / train | 98 | |
| Enter build submenu | 54 | |
| Enter hero's abilities submenu | 8 | |
| Give item / drop item | 6 | |
| Remove unit from queue | 7 | |
| Right click | 798 | |
| Select / deselect | 408 | |
| Select group hotkey | 237 | |
| Use ability | 128 | |
2128 total
» units
| Peasant | 17 | |
| Footman | 5 | |
| Sorceress | 2 | |
| Gryphon Rider | 4 | |
28 total
» upgrades
| Lumber Harvesting | 1 | |
| Sorceress Training | 1 | |
| Swords | 3 | |
| Armor | 3 | |
| Masonry | 3 | |
| Magic Sentry | 1 | |
| Animal War Training | 1 | |
| Storm Hammers | 1 | |
14 total
» buildings
| Altar of Kings | 1 | |
| Barracks | 1 | |
| Farm | 8 | |
| Arcane Vault | 2 | |
| Keep | 3 | |
| Lumber Mill | 1 | |
| Blacksmith | 1 | |
| Scout Tower | 39 | |
| Arcane Sanctum | 1 | |
| Arcane Tower | 1 | |
| Castle | 1 | |
| Gryphon Aviary | 3 | |
| Guard Tower | 10 | |
| Town Hall | 5 | |
77 total
» build order
00:50 Altar of Kings
00:52 Barracks
01:06 Farm
01:08 Farm
01:10 Farm
01:49 Farm
02:23 Farm
02:28 Farm
03:09 Arcane Vault
03:53 Keep
03:53 Keep
04:31 Lumber Mill
04:33 Blacksmith
05:17 Scout Tower
06:27 Arcane Sanctum
06:32 Arcane Tower
08:37 Castle
08:45 Gryphon Aviary
08:46 Gryphon Aviary
08:49 Gryphon Aviary
10:11 Farm
10:12 Farm
14:16 Scout Tower
14:16 Scout Tower
14:16 Scout Tower
14:17 Scout Tower
14:17 Scout Tower
14:19 Scout Tower
14:19 Scout Tower
14:19 Scout Tower
14:20 Scout Tower
14:57 Guard Tower
15:09 Scout Tower
15:11 Scout Tower
15:12 Scout Tower
15:13 Scout Tower
15:16 Scout Tower
15:18 Scout Tower
15:22 Guard Tower
15:25 Town Hall
15:28 Scout Tower
15:29 Scout Tower
15:29 Scout Tower
15:30 Scout Tower
15:31 Scout Tower
15:32 Scout Tower
16:11 Guard Tower
16:32 Guard Tower
18:33 Guard Tower
23:33 Town Hall
23:36 Scout Tower
23:36 Scout Tower
23:37 Scout Tower
23:37 Scout Tower
23:39 Scout Tower
23:40 Scout Tower
23:40 Scout Tower
23:40 Scout Tower
24:18 Guard Tower
24:33 Town Hall
25:30 Guard Tower
25:32 Scout Tower
25:33 Scout Tower
25:33 Scout Tower
25:34 Scout Tower
25:35 Scout Tower
25:35 Scout Tower
25:37 Scout Tower
26:06 Guard Tower
27:14 Guard Tower
28:50 Town Hall
30:41 Town Hall
31:42 Arcane Vault
34:44 Scout Tower
35:18 Guard Tower
» items
| Scroll of Regeneration | 4 | |
| Boots of Speed | 1 | |
| Potion of Invisibility | 3 | |
| Periapt of Vitality | 2 | |
| Potion of Healing | 1 | |
| Potion of Mana | 3 | |
| Lesser Clarity Potion | 4 | |
| Staff of Teleportation | 1 | |
| Scroll of Town Portal | 3 | |
| Orb of Corruption | 1 | |
23 total
Chat log
(00:05 / All) Iscariot: Fuckl
(00:11 / All) Iscariot: I got on the team with teh soup nazi
(00:16 / All) Iscariot: HOMO FATLORD
(00:19 / All) Iscariot: LMOA
(00:32 / All) DivideEtImpera: I wonder if he even witnessed that meme when it was still activer
(00:34 / All) DivideEtImpera: or read about it
(00:43 / All) DivideEtImpera: OMNIS MUNDI CREATURA!
(00:44 / All) ROD_ON_FERELAS: best seinfeld episode eva
(00:46 / All) DivideEtImpera: OMNIS MUNDI CREATURA!
(00:50 / All) codylamers: le le le le le le
(00:58 / All) Iscariot: soup nazi like 20 years old
(01:09 / All) DivideEtImpera: I might be thinking of something else
(01:13 / Allies) codylamers: ima go fiends
(01:14 / All) N0S0UPF0RY0U: check out how old this account is
(01:16 / All) N0S0UPF0RY0U: ull be amazed
(01:19 / All) Iscariot: it's from seinfield
(01:22 / All) Iscariot: worst show ever
(01:30 / All) Iscariot: 4+ new york jews
(01:33 / All) Iscariot: kill me
(03:39 / All) DivideEtImpera: lvl 1 harass
(03:40 / All) DivideEtImpera: so good
(03:47 / All) N0S0UPF0RY0U: got two footies out of it
(03:49 / All) N0S0UPF0RY0U: why not ya know
(03:54 / All) DivideEtImpera: you could be lvl 2 right now
(04:00 / All) N0S0UPF0RY0U: k?
(07:14 / All) ROD_ON_FERELAS: AXEMAN
(08:10 / Allies) axeman227: woood
(08:11 / Allies) axeman227: plz
(08:22 / Allies) axeman227: tnx
(08:56 / All) ROD_ON_FERELAS: DO IT PINK
(11:39 / Allies) codylamers: purp... ur really slow
(12:16 / All) Iscariot: fucking gay bash
(13:45 / Allies) DivideEtImpera: help
(13:50 / All) DivideEtImpera: sick dk micro
(13:57 / Allies) DivideEtImpera: ty
(14:30 / All) DivideEtImpera: yellow is tking me lol
(14:33 / Allies) codylamers: wtf
(14:44 / Allies) axeman227: meet
(14:45 / Allies) axeman227: alll
(14:47 / Allies) axeman227: fuck
(14:49 / Allies) axeman227: nooons
(14:51 / Allies) DivideEtImpera: don't try anything
(15:34 / Allies) codylamers: lets hit
(16:28 / Allies) DivideEtImpera: attack somewhere else
(16:30 / Allies) DivideEtImpera: too many towers
(16:37 / Allies) DivideEtImpera: lol
(18:19 / All) Iscariot: red has to be the dumbest motherfucker to ever play warcraft
(19:09 / All) Iscariot: Here's his decision making process
(19:10 / All) Iscariot: hmm
(19:16 / All) Iscariot: teal is pretty much fucked except his hall
(19:20 / All) Iscariot: let's go ahead and kill buildings
(19:26 / All) Iscariot: instead of an allies well towered expansion
(19:29 / All) Iscariot: we'll just sacrifice that
(19:39 / All) Iscariot: this is why you are sub 50% faggot
(20:12 / Allies) DivideEtImpera: wood
(20:59 / All) Iscariot: faggot
(21:08 / Allies) axeman227: come
(21:09 / Allies) axeman227: purp
(21:10 / Allies) axeman227: plz
(21:12 / All) ROD_ON_FERELAS: red and oj are feeding their mks like niggas
(21:16 / Allies) DivideEtImpera: omw
(21:16 / Allies) axeman227: wooood
(21:17 / Allies) axeman227: plz
(21:25 / All) Iscariot: fucking dumb nigger
(21:30 / All) Iscariot: PLAY SOLO THEN IDIOT
(21:39 / All) Iscariot: Team is a different dynamic
(21:48 / All) Iscariot: You're a retard bro
(21:49 / Allies) axeman227: wait
(21:50 / Allies) axeman227: pi
(21:52 / All) Iscariot: look at how you speak
(21:54 / Allies) axeman227: yellow
(21:55 / Allies) axeman227: come
(22:08 / All) Iscariot: 85 IQ nignog
(22:09 / All) ROD_ON_FERELAS: wtf!
(22:17 / Allies) DivideEtImpera: go
(22:24 / Allies) DivideEtImpera: go
(22:25 / Allies) DivideEtImpera: go
(22:51 / All) Iscariot: because you are plain retarded
(22:54 / Allies) DivideEtImpera: wood
(22:59 / All) Iscariot: who thinks it was a good decision that he didn't tp when I had 12 towers?
(23:02 / All) Iscariot: let's my level 6 hero die
(23:07 / All) Iscariot: thinking he wasn't retarded
(23:12 / All) Iscariot: not to mention all the gold that cost an ally
(23:15 / All) Iscariot: LOL
(23:20 / All) Iscariot: you moving around not having a TP
(23:22 / All) Iscariot: and I'm the retard
(23:27 / All) Iscariot: buy one stupid
(23:30 / All) Iscariot: that's why you lost everything
(23:39 / Allies) kjhge5: i go
(23:56 / Allies) DivideEtImpera: ty
(23:59 / Allies) kjhge5: gold plz
(25:24 / All) ROD_ON_FERELAS: i wanted to kill that damn nigger
(25:33 / Allies) kjhge5: gold plz
(25:47 / Allies) kjhge5: gold plz
(26:00 / Allies) kjhge5: gold plz
(26:33 / Allies) kjhge5: gold plz
(27:03 / All) ROD_ON_FERELAS: nigga
(27:05 / All) N0S0UPF0RY0U: gg
(27:10 / All) N0S0UPF0RY0U: ur mks were ur like only hope
(27:36 / All) Iscariot: Red you're not getting a win bro
(27:49 / All) Iscariot: Get the fuck out of here retard
(28:32 / All) Iscariot: You're not getting a win trust me
(28:42 / All) ROD_ON_FERELAS: AKINOS WILL KILL U
(28:48 / All) ROD_ON_FERELAS: die faron frostfel
(28:58 / All) DivideEtImpera: I need mass tp
(29:06 / All) ROD_ON_FERELAS: my base
(29:17 / All) DivideEtImpera: k
(30:19 / Allies) kjhge5: gold plz
(30:31 / Allies) kjhge5: 2000gold plz
(30:48 / Allies) kjhge5: gold plz
(30:58 / All) ROD_ON_FERELAS: ur dps on the tauren is amazing
(31:02 / Allies) kjhge5: gold plz 1000
(31:13 / Allies) kjhge5: gold plz1000
(31:17 / Allies) kjhge5: hero
(31:25 / Allies) DivideEtImpera: lol
(31:36 / Allies) kjhge5: gold plz
(31:40 / Allies) kjhge5: lumber plz
(31:41 / Allies) DivideEtImpera: I gave you 1.2k stfu
(32:03 / Allies) kjhge5: lumber plz
(32:09 / Allies) DivideEtImpera: I gave you 1.2k gold, that will be all
(32:24 / Allies) kjhge5: lumber 200 plz
(32:35 / All) DivideEtImpera: He won't stop begging
(32:37 / Allies) kjhge5: lus t hero
(32:42 / All) ROD_ON_FERELAS: who
(32:45 / All) DivideEtImpera: yellow
(32:57 / Allies) DivideEtImpera: stfu
(34:35 / All) ROD_ON_FERELAS: lolz
(34:45 / All) ROD_ON_FERELAS: are u maphacking purple............?????
(35:00 / All) ROD_ON_FERELAS: how u know the deathknight was in middel???
(36:19 / All) Iscariot: o
(36:22 / All) Iscariot: your team all left
(36:25 / All) DivideEtImpera: yep
(36:28 / All) ROD_ON_FERELAS: i just realized tv shows these days don't have those people who laugh in the background.
(36:40 / All) Iscariot: HBO comedy shows do
(36:53 / All) Iscariot: then again they haven't had one in a while
(37:35 / All) ROD_ON_FERELAS: what is the point of those people anyways
(37:45 / All) Iscariot: so the audience knows to laugh too
(37:47 / All) ROD_ON_FERELAS: i highly doubt it was taped live
(37:54 / All) ROD_ON_FERELAS: isn't tht brainwashing
(38:00 / All) Iscariot: so whaat bro
(38:06 / All) Iscariot: it's not against the last
(38:07 / All) Iscariot: law
(38:24 / All) ROD_ON_FERELAS: how can i pick and choose when they tell me whato laugh at
(39:25 / All) Iscariot: Red lost lol
(39:28 / All) Iscariot: hehehehe
(39:32 / All) Iscariot: 2 games sub 50%
(39:35 / All) ROD_ON_FERELAS: there is a quazzy player
(39:40 / All) ROD_ON_FERELAS: who is normajean's friend
(39:50 / All) DivideEtImpera: Orange will be 47-40
(39:58 / All) N0S0UPF0RY0U: eh whatever
(40:04 / All) N0S0UPF0RY0U: i leave for bootcamp for the navy october 2nd
(40:07 / All) ROD_ON_FERELAS: NO SOUP FOR U
(40:08 / All) N0S0UPF0RY0U: just playing for fun at this point
(40:21 / All) DivideEtImpera: Which military? American?
(40:29 / All) N0S0UPF0RY0U: yezzirr im from boston
(40:40 / All) DivideEtImpera: GL in the navy then I guess
(40:47 / All) ROD_ON_FERELAS: sailor
(40:50 / All) Iscariot: No offense but I hope you drown
(40:52 / All) N0S0UPF0RY0U: tyty straight outta highschool this account is pretty crazy its since 02
(41:04 / All) N0S0UPF0RY0U: whatever man haha u dont gotta respect it
(41:04 / All) DivideEtImpera: We've all been playing since then too
(41:12 / All) N0S0UPF0RY0U: best game ever
(41:14 / All) DivideEtImpera: yeah
(41:16 / All) ROD_ON_FERELAS: 80%, or 4/5 people who join the navy become homosexuallty attracted to men
(41:20 / All) Iscariot: You'll brook no arguments from me
(41:26 / All) DivideEtImpera: the ability to mess around and do fun strats
(41:28 / All) N0S0UPF0RY0U: yeah green i like women bro
(41:48 / All) ROD_ON_FERELAS: ur gonna turn a homosexua though
(41:50 / All) ROD_ON_FERELAS: it happens
(41:51 / All) N0S0UPF0RY0U: and yes RTS games are good they actually help work ur mind
(41:56 / All) DivideEtImpera: especially wc3
(41:57 / All) Iscariot: green is interested in you
(41:58 / All) DivideEtImpera: micro is so fun
(42:02 / All) ROD_ON_FERELAS: ur in a bow 5000 feet underwater with nothing but men
(42:02 / All) DivideEtImpera: and all the things you can do in it
(42:26 / All) N0S0UPF0RY0U: im actually on a aircraft carrier with 5000 men and women.
(42:32 / All) N0S0UPF0RY0U: sooo no
(42:38 / All) ROD_ON_FERELAS: planes cant carry 5k people.....
(42:41 / All) Iscariot: You don't want green to visit then?
(42:43 / All) ROD_ON_FERELAS: it would be too heavy for the plane
(42:43 / All) N0S0UPF0RY0U: aircraft carrier
(42:45 / All) Iscariot: plane lol
(42:47 / All) N0S0UPF0RY0U: watch pearl harbor
(42:49 / All) DivideEtImpera: I doubt he knows what a carrier is lol
(42:54 / All) N0S0UPF0RY0U: its where the planes launch off
(42:56 / All) N0S0UPF0RY0U: lmao
(42:56 / All) ROD_ON_FERELAS: WHATS A CURRIER
(42:58 / All) DivideEtImpera: yeah, he's stupid though
(43:01 / All) Iscariot: it's a large ship that CARRIES PLANES BRO
(43:10 / All) N0S0UPF0RY0U: later guys
(43:12 / All) DivideEtImpera: see you bro
(43:15 / All) ROD_ON_FERELAS: BYE BYE SEINFELD
(43:25 / All) Iscariot: anything to say red?
(43:38 / All) DivideEtImpera: Orange didn't seem that bad tbh
(43:47 / All) Iscariot: Only red was a faggot
(43:53 / All) Iscariot: Guy is seriously fucking dumb
(43:56 / All) DivideEtImpera: He didn't say anything in all chat so I'll take your word for it
(43:56 / All) Iscariot: he didn't have a tp he said
(43:57 / All) Iscariot: OKAY
(44:00 / All) Iscariot: then why didn't you WALK
(44:02 / All) Iscariot: you right near it
(44:09 / All) ROD_ON_FERELAS: WAIT PLANES LAUNCH OFF OF CARRIERS IN THE SEA
(44:12 / All) Iscariot: did you see where your team
(44:15 / All) Iscariot: assaulted my baSE|?